 Dungeon Crawl Stone Soup version 0.21.1-1-g345015f (webtiles) character file.

189 Supahsalami the Chopper (level 5, -6/47 HPs)
             Began as a Minotaur Berserker on Mar 25, 2018.
             Was a Believer of Trog.
             Killed by divine providence
             ... invoked by an orc priest
              (14 damage)
             ... on level 5 of the Dungeon.
             The game lasted 00:13:32 (2239 turns).

Supahsalami the Chopper (Minotaur Berserker)        Turns: 2239, Time: 00:13:32

Health: -6/47      AC:  5    Str: 22    XL:     5   Next: 40%
Magic:  4/4        EV: 12    Int:  4    God:    Trog [**....]
Gold:   106        SH:  0    Dex: 10    Spells: 4/4 levels left

rFire    . . .     SeeInvis .   p - +0 war axe
rCold    . . .     Gourm    .   (no shield)
rNeg     . . .     Faith    .   l - +0 ring mail
rPois    .         Spirit   .   (helmet restricted)
rElec    .         Reflect  .   (no cloak)
rCorr    .         Harm     .   (no gloves)
MR       .....                  (no boots)
Stlth    ..........             (no amulet)
HPRegen  0.15/turn              (no ring)
MPRegen  0.09/turn              (no ring)

@: no status effects
A: retaliatory headbutt, horns 2
a: Berserk, Trog's Hand, Burn Spellbooks, Renounce Religion


You were on level 5 of the Dungeon.
You worshipped Trog.
Trog was pleased with you.
You were not hungry.

You visited 1 branch of the dungeon, and saw 5 of its levels.

You collected 106 gold pieces.

Inventory:

Hand Weapons
 a - a +0 hand axe
 p - a +0 war axe (weapon)
Missiles
 j - a throwing net (quivered)
Armour
 b - a +0 animal skin
 h - a +0 pair of boots
 l - a +0 ring mail (worn)
Wands
 q - a wand of disintegration (14)
Scrolls
 m - 3 scrolls of identify
 o - a scroll of teleportation {unknown}
Potions
 d - a potion of lignification {unknown}
 e - a potion of invisibility
 f - 3 potions of curing
 g - 2 potions of flight {unknown}
 k - 2 potions of ambrosia {unknown}
 n - a potion of degeneration {unknown}
Comestibles
 c - 9 rations
 i - a chunk of flesh


   Skills:
 + Level 4.6 Fighting
 + Level 5.5 Axes
 + Level 4.0 Armour
 + Level 2.9 Dodging


You had 4 spell levels left.
You didn't know any spells.

Dungeon Overview and Level Annotations

Branches:
Dungeon (5/15)
 Temple: D:4-7

Altars:

Annotations:
D:4 Shinoi's ghost, amateur DsAK


Innate Abilities, Weirdness & Mutations

You reflexively headbutt those who attack you in melee.
You have a pair of horns on your head.


Message History

A quokka and a crimson imp come into view.
The centaur shouts!
The crimson imp shouts!
The centaur wields a shortbow.
The centaur shoots an arrow.
The arrow hits you.
The crimson imp blinks!
The orc wizard gestures at you while chanting.
The magic dart hits you!
You hear an angry hiss.
An adder skeleton comes into view.
You see here an arrow.
An adder comes into view.
The adder hisses angrily.
The centaur shoots an arrow.
The arrow hits you.
The centaur shoots an arrow.
The arrow hits you!
* * * LOW HITPOINT WARNING * * *
Found a scroll labeled YDAICZOHOSK.
You see here 2 arrows.
The crimson imp blinks!
The orc priest invokes the aid of Beogh against you.
Beogh smites you!
You die...

#...#...#.#
###o#.#oo.#
#.#.#o###
#o#.#o#
#o#$#)###
#.#.o...#
#.##(####.##
#.##(....ยง..
#[.@.r.c..Z.
..?..>..........
.............#.#
....S..........#
............####
..............
####........#..
#........#.#


You could see a centaur, an orc priest, 2 orc wizards, an adder, 2 orcs, a
quokka and an adder skeleton.

Vanquished Creatures
  An orc priest (D:3)
  A worker ant (D:4)
  A worker ant zombie (D:2)
  5 adders
  A worm (D:2)
  A leopard gecko (D:4)
  10 orcs
  A giant cockroach (D:3)
  7 goblins
  4 hobgoblins
  4 jackals (D:2)
  3 quokkas
  2 ball pythons
  8 bats
  4 frilled lizards
  8 kobolds
  7 rats
68 creatures vanquished.

Notes
Turn   | Place    | Note
-------+----------+-------------------------------------------
     0 | D:1      | Supahsalami the Minotaur Berserker began the quest for the Orb.
     0 | D:1      | Reached XP level 1. HP: 19/19 MP: 0/0
   287 | D:1      | Reached skill level 4 in Axes
   638 | D:2      | Reached XP level 2. HP: 24/27 MP: 1/1
   893 | D:2      | Reached XP level 3. HP: 28/33 MP: 2/2
  1130 | D:2      | Reached ** piety under Trog
  1217 | D:2      | Reached XP level 4. HP: 37/40 MP: 3/3
  1627 | D:3      | Reached skill level 5 in Axes
  1711 | D:3      | Reached XP level 5. HP: 33/47 MP: 4/4
  1910 | D:5      | Entered Level 5 of the Dungeon
  1995 | D:4      | Noticed Shinoi's ghost (amateur DsAK)
  2209 | D:5      | Noticed a centaur
  2239 | D:5      | Killed from afar by an orc priest

Skill      XL: |  1  2  3  4  5 |
---------------+----------------+-----
Axes           | 4 5 |  5.5
Fighting       | 4 |  4.6
Armour         | 3 4 |  4.0
Dodging        | |  2.9

Action                   |  1- 3 |  4- 6 || total
-------------------------+-------+-------++-------
Melee: Hand axe          |    80 |    45 ||   125
       Headbutt          |     8 |     9 ||    17
       War axe           |       |    20 ||    20
  Use: Scroll            |     4 |       ||     4
  Eat: Chunk             |     1 |     3 ||     4
Armor: Ring mail         |    23 |    21 ||    44
       Animal skin       |     1 |       ||     1
Dodge: Dodged            |    51 |    50 ||   101
